 Dungeon Crawl Stone Soup version 0.23-a0-208-gb6b040f (webtiles) character file.

2770 Felrender the Carver (level 9, -2/78 HPs)
             Began as a Hill Orc Fighter on Sept 25, 2018.
             Was a Believer of Cheibriados.
             Slain by an orc warrior
             ... wielding a +0 trident
              (6 damage)
             ... on level 7 of the Dungeon.
             The game lasted 00:19:51 (6605 turns).

Felrender the Carver (Hill Orc Fighter)             Turns: 6605, Time: 00:19:51

Health: -2/78      AC: 13    Str: 27    XL:     9   Next: 69%
Magic:  7/10       EV:  8    Int: 18    God:    Cheibriados [**....]
Gold:   318        SH: 11    Dex: 15    Spells: 8/8 levels left

rFire    . . .     SeeInvis +   a - +0 long sword
rCold    . . .     Gourm    .   c - +0 shield
rNeg     . . .     Faith    .   s - +0 chain mail
rPois    .         Spirit   .   n - +0 helmet
rElec    .         Reflect  .   (no cloak)
rCorr    .         Harm     .   t - +0 pair of gloves of Tenire {SInv} (curse)
MR       +....                  (no boots)
Stlth    ..........             (no amulet)
HPRegen  0.23/turn              i - +5 ring of intelligence
MPRegen  0.12/turn              m - ring of protection from magic

@: drained, very slow
A: no striking features
a: Bend Time, Renounce Religion


You were on level 7 of the Dungeon.
You worshipped Cheibriados.
Cheibriados was pleased with you.
You were not hungry.

You visited 2 branches of the dungeon, and saw 8 of its levels.

You collected 318 gold pieces.

Inventory:

Hand Weapons
 a - a +0 long sword (weapon)
 p - a +0 long sword
 w - a +4 dire flail
 x - a cursed +3 mace
Armour
 b - a +0 scale mail
 c - a +0 shield (worn)
 n - a +0 helmet (worn)
 s - a +0 chain mail (worn)
 t - the cursed +0 pair of gloves of Tenire (worn) {SInv}
   (You found it on level 5 of the Dungeon)

   It lets you see invisible.
   It has a curse placed upon it.
Jewellery
 e - a +2 ring of intelligence
 g - an uncursed ring of fire
 i - a +5 ring of intelligence (left hand)
 m - a ring of protection from magic (right hand)
 q - an uncursed ring of stealth
 r - a +2 ring of dexterity {unknown}
Scrolls
 h - 2 scrolls of teleportation
 u - a scroll of fog
 v - a scroll of holy word {unknown}
Potions
 d - a potion of lignification {unknown}
 j - a potion of cancellation
 k - a potion of flight
 l - 2 potions of haste {unknown}
 o - 3 potions of curing
Comestibles
 f - 2 rations


   Skills:
 + Level 6.8(6.1) Fighting
 + Level 8.6(7.9) Long Blades
 + Level 7.4(6.8) Armour
 + Level 2.5(1.9) Dodging
 + Level 1.3(0.8) Stealth
 + Level 7.1(6.4) Shields
 + Level 1.5(0.9) Invocations


You had 8 spell levels left.
You didn't know any spells.
Your spell library was empty.

Dungeon Overview and Level Annotations

Branches:
Dungeon (7/15)             Temple (1/1) D:4

Altars:
Ashenzari
Cheibriados
Elyvilon
Fedhas
Gozag
Hepliaklqana
Kikubaaqudgha
Makhleb
Nemelex Xobeh
Okawaru
Qazlal
Ru
Sif Muna
Trog
Uskayaw
Vehumet
Wu Jian
Xom
Yredelemnul
Zin
The Shining One

Shops:
D:4 }   D:6 (


Message History

The orc warrior is severely wounded.
The crimson imp blinks!
You closely miss the orc warrior.
The orc warrior is severely wounded.
You block the orc warrior's attack.
You barely miss the orc warrior.
The orc warrior is severely wounded.
The orc warrior hits you but does no damage.
Your shield and chain mail prevent you from hitting the orc warrior.
The orc warrior is severely wounded.
You block the orc warrior's attack. The flow of time bends around you.
Cheibriados rebukes the orc warrior.
The orc warrior seems to slow down.
You feel slightly more hungry.
The orc warrior hits you with a trident!
* * * LOW HITPOINT WARNING * * *
You hit the orc warrior but do no damage.
The orc warrior is severely wounded.
The orc warrior hits you with a trident.
You die...

#...#..........'....#...
#...#..........#....#...
#...#..........#....'...
#...##...##....#....#...
#...##...##....#....#...
#........#######....'...
#........#..........#...
#.....o..#..........#...
######)@.#..........#...
.....##'##..........##..
........5.......########
................#...#
................'...#
................######
.....#######.........#
..... #.........# .....
#.........#


You could see an orc warrior and a crimson imp.

Vanquished Creatures
  Prince Ribbit (D:6)
  Grinder (D:6)
  A hippogriff (D:7)
  A hungry ghost (D:7)
  Duvessa (D:6)
  A water moccasin (D:5)
  An orc warrior (D:6)
  A sky beast (D:5)
  3 ogres
  A gnoll sergeant (D:6)
  2 bullfrogs (D:6)
  Dowan (D:6)
  A scorpion (D:6)
  9 wights
  A howler monkey (D:4)
  3 crimson imps
  A bullfrog zombie (D:6)
  A quasit (D:7)
  2 hounds
  2 orc priests
  A bullfrog skeleton (D:4)
  An iguana (D:6)
  2 orc wizards
  A worker ant (D:4)
  2 hound zombies
  A hound skeleton (D:5)
  7 adders
  A howler monkey skeleton (D:7)
  7 gnolls
  A shadow imp (D:5)
  An ooze (D:1)
  2 adder skeletons (D:2)
  5 worms
  3 dart slugs
  2 leopard geckos
  21 orcs
  A ball python (D:3)
  A bat zombie (D:2)
  6 giant cockroaches
  11 hobgoblins
  8 jackals (D:1)
  8 kobolds
  2 quokkas
  A ball python skeleton (D:2)
  4 bats
  6 frilled lizards
  A giant cockroach zombie (D:2)
  7 goblins
  A jackal skeleton (D:6)
  5 rats
155 creatures vanquished.

Notes
Turn   | Place    | Note
-------+----------+-------------------------------------------
     0 | D:1      | Felrender the Hill Orc Fighter began the quest for the Orb.
     0 | D:1      | Reached XP level 1. HP: 19/19 MP: 1/1
   142 | D:1      | Reached XP level 2. HP: 26/27 MP: 2/2
   263 | D:1      | Reached XP level 3. HP: 32/33 MP: 3/3
   739 | D:2      | Reached skill level 3 in Long Blades
  1005 | D:2      | Reached XP level 4. HP: 38/40 MP: 4/4
  1679 | D:3      | Found a hazy altar of Hepliaklqana.
  1988 | D:3      | Found a white marble altar of Elyvilon.
  2223 | D:4      | Reached XP level 5. HP: 34/46 MP: 5/5
  2332 | D:4      | Found a staircase to the Ecumenical Temple.
  2344 | Temple   | Entered the Ecumenical Temple
  2478 | Temple   | Became a worshipper of Cheibriados the Contemplative
  2571 | D:4      | Found a hide-covered altar of Uskayaw.
  2710 | D:4      | Reached skill level 4 in Long Blades
  2774 | D:4      | Found Yfus's Gadget Emporium.
  2889 | D:4      | Reached XP level 6. HP: 52/53 MP: 6/6
  3559 | D:5      | Entered Level 5 of the Dungeon
  3590 | D:5      | Reached * piety under Cheibriados
  3590 | D:5      | Reached skill level 5 in Armour
  3904 | D:5      | Found an opulent altar of Gozag.
  3941 | D:5      | Reached skill level 5 in Long Blades
  3941 | D:5      | Reached skill level 1 in Dodging
  3941 | D:5      | Reached XP level 7. HP: 56/60 MP: 7/7
  3971 | D:5      | Found a shattered altar of Ashenzari.
  3984 | D:5      | Reached skill level 5 in Fighting
  4418 | D:5      | Found a blossoming altar of Fedhas.
  4483 | D:5      | Got a pair of fine gloves
  4490 | D:5      | Identified the cursed +0 pair of gloves of Tenire {SInv}
                  | (You found it on level 5 of the Dungeon)
  4600 | D:6      | Reached skill level 5 in Shields
  4706 | D:6      | Reached skill level 6 in Long Blades
  4706 | D:6      | Reached XP level 8. HP: 26/68 MP: 8/8
  5090 | D:6      | Reached skill level 1 in Stealth
  5090 | D:6      | Reached skill level 1 in Invocations
  5284 | D:6      | Noticed Prince Ribbit
  5293 | D:6      | Noticed Dowan
  5296 | D:6      | Noticed Duvessa
  5312 | D:6      | Killed Duvessa
  5313 | D:6      | Killed Prince Ribbit
  5313 | D:6      | Reached ** piety under Cheibriados
  5313 | D:6      | Reached skill level 7 in Long Blades
  5315 | D:6      | Killed Dowan
  5620 | D:6      | Found Vipeh's Weapon Boutique.
  5662 | D:6      | Reached XP level 9. HP: 66/75 MP: 6/9
  5673 | D:6      | Noticed Grinder
  5695 | D:6      | Killed Grinder
  5695 | D:6      | Reached skill level 8 in Long Blades
  6605 | D:7      | Slain by an orc warrior

Vault maps used:
D:1:      minmay_arrival_nine_rooms
D:2:      serial_undead, serial_undead_f, serial_undead_b, serial_undead_e,
          serial_undead_f
D:3:      overflow_temple_1_default, lemuel_round_altar
D:4:      overflow_temple_1_default, temple_green, serial_shops,
          nicolae_shop_crystal, corexii_hall_statues_deadend, kennysheep_boxes
D:5:      lemuel_round_altar, fedhas_altar_4, first_ration,
          hangedman_decor_push, cheibrodos_ashenzari_chains
D:6:      serial_shops, nicolae_shop_stone, minivault_24,
          corexii_hall_statues_u, minmay_misc_feat_secret_circle, uniq_grinder,
          uniq_prince_ribbit1, uniq_duvessa
Temple:   nicolae_temple_elliptical

Skill      XL: |  1  2  3  4  5  6  7  8  9 |
---------------+----------------------------+-----
Fighting       | 4 5 6 |  6.8
Long Blades    | 3 4 5 6 7 8 |  8.6
Armour         | 4 5 7 |  7.4
Shields        | 4 5 6 7 |  7.1
Dodging        | 1 2 |  2.5
Stealth        | 1 |  1.3
Invocations    | 1 |  1.5

Action                   |  1- 3 |  4- 6 |  7- 9 || total
-------------------------+-------+-------+-------++-------
Melee: Long sword        |   106 |   336 |   299 ||   741
Invok: Bend Time         |       |     1 |     7 ||     8
  Use: Scroll            |     5 |     6 |     2 ||    13
       Potion            |       |       |     6 ||     6
  Eat: Ration            |     1 |     1 |     3 ||     5
       Chunk             |       |     4 |       ||     4
Armor: Scale mail        |    34 |   123 |    41 ||   198
       Chain mail        |       |       |   129 ||   129
Dodge: Dodged            |    36 |   105 |   129 ||   270
Block: Shield            |    43 |   159 |   192 ||   394
       Rpst.: Long sword |    15 |    35 |    31 ||    81

Table legend:
 A = Non-vault XP
 B = Vault XP
 C = Vault XP percentage of total XP
 D = Non-vault monster count
 E = Vault monster count
 F = Vault count percentage of total count
                 A         B        C        D         E       F
            +---------+---------+-------+---------+---------+-------
      Total |    3186 |     772 |  19.5 |     146 |       9 |   5.8
            +---------+---------+-------+---------+---------+-------
        D:1 |      54 |       0 |   0.0 |      27 |       0 |   0.0
        D:2 |      57 |      14 |  19.7 |      23 |       5 |  17.9
        D:3 |      29 |       0 |   0.0 |      12 |       0 |   0.0
        D:4 |     304 |       0 |   0.0 |      26 |       0 |   0.0
        D:5 |     503 |       0 |   0.0 |      20 |       0 |   0.0
        D:6 |    1152 |     758 |  39.7 |      24 |       4 |  14.3
        D:7 |    1087 |       0 |   0.0 |      14 |       0 |   0.0
            +---------+---------+-------+---------+---------+-------
